 Dungeon Crawl Stone Soup version 0.32-a0-18-g89e19f1974 (webtiles) character file.

Game seed: 16680044368021192901

13 BigPumpCobain the Grasshopper (level 2, -4/29 HPs)
             Began as an Oni Warper on Jan 16, 2024.
             Slain by a gnoll
             ... wielding a +0 flail
              (9 damage)
             ... on level 1 of the Dungeon.
             The game lasted 00:00:30 (219 turns).

BigPumpCobain the Grasshopper (Oni Warper)           Turns: 219, Time: 00:00:31

Health: -4/29      AC:  3    Str: 14    XL:     2   Next: 37%
Magic:  5/5        EV:  9    Int: 14    God:
Gold:   23         SH:  0    Dex:  8    Spells: 6/6 levels left

rFire   . . .        a - +0 mace
rCold   . . .        (no shield)
rNeg    . . .        b - +0 robe
rPois   .            (helmet restricted)
rElec   .            (no cloak)
rCorr   .            (gloves unavailable)
SInv    .            (boots unavailable)
Will    .....        e - amulet of the acrobat
Stlth   +            (no ring)
HPRegen 0.24/turn    (no ring)
MPRegen 0.09/turn

%: acrobat
@: no status effects
A: large, unfitting armour, horns 1, tough skin 1, double potion healing,
drunken brawling
a: no special abilities


You were on level 1 of the Dungeon.
You visited 1 branch of the dungeon, and saw 1 of its levels.

You collected 23 gold pieces.

Inventory:

Hand Weapons
 a - a +0 mace (weapon)
Missiles
 d - 7 darts of dispersal (quivered)
Armour
 b - a +0 robe (worn)
Jewellery
 e - an amulet of the acrobat (around neck)
Scrolls
 c - a scroll of blinking
 f - 2 scrolls of amnesia {unknown}
 g - a scroll of poison {unknown}


   Skills:
 + Level 2.8 Fighting
 * Level 2.2 Maces & Flails
 + Level 1.2 Throwing
 + Level 2.2 Dodging
 + Level 2.5 Spellcasting
 * Level 2.9 Translocations


You had 6 spell levels left.
You didn't know any spells.
Your spell library contained the following spells:

 Spells                   Type           Power      Damage    Failure   Level
 Blink                    Tloc           18%        N/A       11%         2
 Lesser Beckoning         Tloc           18%        N/A       11%         2
 Teleport Other           Tloc           9%         N/A       21%         3
 Manifold Assault         Tloc           9%         N/A       56%         4
 Vhi's Electric Charge    Tloc/Air       10%        N/A       77%         4


Dungeon Overview and Level Annotations

Branches:
Dungeon (1/15)

Altars:


Innate Abilities, Weirdness & Mutations

You are too large for most types of armour.
You have a pair of small horns on your head.
You have tough skin. (AC +1)
You gain doubled healing and magic from potions.
Whenever you drink a healing potion, you attack all around you.


Message History

The gnoll shouts!
The rat misses you.
You thump the rat!
You kill the rat!
A kobold comes into view. It is wielding a +0 dagger.
You see here a rat corpse.
Found a stone staircase leading down.
The gnoll misses you.
You closely miss the gnoll. The gnoll barely misses you.
The kobold hits you with a +0 dagger. The kobold barely misses you.
The gnoll barely misses you.
You closely miss the gnoll. The gnoll hits you with a +0 flail.
The kobold closely misses you.
You closely miss the gnoll. The gnoll hits you with a +0 flail!
The kobold misses you.
You are too injured to fight recklessly!
You are too injured to fight recklessly!
You are too injured to fight recklessly!
You are too injured to fight recklessly!
There are monsters nearby!
You see here a rat corpse.
You hit the gnoll.
The gnoll is lightly wounded.
The gnoll barely misses you.
You hit the gnoll. Your headbutt misses the gnoll.
The gnoll is lightly wounded.
The gnoll closely misses you. The gnoll hits you with a +0 flail.
You barely miss the gnoll.
The gnoll is lightly wounded.
The gnoll hits you but does no damage.
You closely miss the gnoll.
The gnoll is lightly wounded.
The gnoll hits you with a +0 flail!
* * * LOW HITPOINT WARNING * * *
You hit the gnoll but do no damage. Your headbutt misses the gnoll.
The gnoll is lightly wounded.
The gnoll closely misses you. x2
You closely miss the gnoll. You headbutt the gnoll.
The gnoll is moderately wounded.
The gnoll hits you with a +0 flail!
You die...

#
#...###..#.##
.
#.#.#.....##.#
# #......####
.# # ######.#
.# # #.# . #:#
. #.# . #.# .
#@# . #g#
>......K#
####.....
#.##.## #. #.#
# #.# #.. #.#


You could see a gnoll and a kobold.

Vanquished Creatures
  2 dart slugs (D:1)
  An endoplasm (D:1)
  3 goblins (D:1)
  A hobgoblin (D:1)
  A rat (D:1)
8 creatures vanquished.

Notes
Turn   | Place    | Note
-------+----------+-------------------------------------------
     0 | D:1      | BigPumpCobain the Oni Warper began the quest for the Orb.
     0 | D:1      | Reached XP level 1. HP: 22/22 MP: 3/3
   116 | D:1      | Reached XP level 2. HP: 29/29 MP: 3/5
   219 | D:1      | Slain by a gnoll

Illustrated notes

Levels and vault maps discovered:
D:1:      minmay_arrival_glassed_features, layout_loops_ring, serial_shops,
          nicolae_shop_rolling_square, minmay_bisected

Action                     || total
---------------------------++-------
  Melee: Mace              ||    25
         Headbutt          ||     4
 Armour: Robe              ||    15
  Dodge: Dodged            ||    16

Table legend: (Time is in decaauts)
 A = Elapsed time spent in this place.
 B = Non-inter-level travel time spent in this place.
 C = Inter-level travel time spent in this place.
 D = Time resting spent in this place.
 E = Time spent auto-exploring this place.
 F = Levels seen in this place.
 G = Mean time per level.
                   A        B        C        D        E       F      G
               +--------+--------+--------+--------+--------+-----+--------+
         Total |    226 |    226 |      0 |      0 |    158 |   1 |  226.0 |
       Dungeon |    226 |    226 |      0 |      0 |    158 |   1 |  226.0 |
               +--------+--------+--------+--------+--------+-----+--------+

Top non-repeatable levels by time:
     D:1: 226 daAuts
